 Dungeon Crawl Stone Soup version 0.29.0-13-gc9e81de378 (webtiles) character file.

Game seed: 17197950148564864589

16972 Gabide the Thrower (level 12, -2/106 HPs)
             Began as a Ghoul Gladiator on Sept 6, 2022.
             Was a Plaything of Xom.
             Slain by a very large slime creature (23 damage)
             ... on level 13 of the Dungeon on Sept 7, 2022.
             The game lasted 00:37:49 (10737 turns).

Gabide the Thrower (Ghoul Gladiator)               Turns: 10737, Time: 00:37:50

Health: -2/106     AC: 15    Str: 29    XL:     12   Next: 43%
Magic:  2/2        EV: 14    Int:  3    God:    Xom [*.....]
Gold:   551        SH:  0    Dex: 10    Spells: 11/11 levels left

rFire   . . .      SeeInvis .     - Unarmed
rCold   + + +      Faith    .   (no shield)
rNeg    + + +      Spirit   .   d - +0 acid dragon scales
rPois   ∞          Reflect  .   y - +2 helmet
rElec   .          Harm     .   a - +2 cloak
rCorr   +          Rampage  .   (no gloves)
Will    +....                   A - +2 pair of boots
Stlth   +.........              k - amulet of regeneration
HPRegen 0.00/turn               c - ring of Reprurong {rC++ Will+ MP-9 Str+6}
MPRegen 0.08/turn               (no ring)

@: about to teleport, inhibited regen
A: claws 1, cold resistance 1, negative energy resistance 3, inhibited
regeneration, torment resistance 2, devour on kill
a: Renounce Religion


You were on level 13 of the Dungeon.
You worshipped Xom.
You were a special plaything of Xom.
You visited 2 branches of the dungeon, and saw 14 of its levels.
You also visited: Sewer and Bailey.

You collected 747 gold pieces.
You spent 196 gold pieces at shops.

Inventory:

Hand Weapons
 b - a +6 sling of chaos
Missiles
 e - 5 javelins
 j - 46 poisoned darts
 t - a curare-tipped dart
 D - 12 boomerangs (quivered)
Armour
 a - a +2 cloak (worn)
 d - +0 acid dragon scales (worn)
 f - a +3 leather armour
 o - the +2 robe of Saib {Int+2 Dex+4}
   (You found it on level 2 of the Dungeon)

   Int:       It affects your intelligence (+2).
   Dex:       It affects your dexterity (+4).
 y - a +2 helmet (worn)
 A - a +2 pair of boots (worn)
 C - a scarf of repulsion
Jewellery
 c - the ring of Reprurong (left claw) {rC++ Will+ MP-9 Str+6}
   (You acquired it on level 11 of the Dungeon)

   [ring of willpower]

   Str:       It affects your strength (+6).
   rC:        It greatly protects you from cold.
   MP:        It affects your magic capacity (-9).
   Will:      It increases your willpower.
 k - an amulet of regeneration (around neck)
Wands
 r - a wand of flame (14)
 z - a wand of polymorph (4)
 B - a wand of digging (11)
 H - a wand of quicksilver (2)
 I - a wand of mindburst (15)
 K - a wand of paralysis (7)
 L - a wand of roots (4)
Scrolls
 g - 4 scrolls of butterflies
 h - a scroll of poison
 i - 4 scrolls of teleportation
 n - 2 scrolls of magic mapping
 u - a scroll of silence {unknown}
 G - a scroll of fear
 J - a scroll of vulnerability {unknown}
 M - a scroll of identify
Potions
 l - a potion of cancellation
 m - a potion of mutation
 p - a potion of invisibility
 q - a potion of magic
 s - a potion of resistance
 v - 3 potions of brilliance
 w - 8 potions of curing
 x - 2 potions of flight
 E - 2 potions of heal wounds
 F - 2 potions of might {unknown}


   Skills:
 + Level 10.1 Fighting
 * Level 11.8 Throwing
 + Level 8.8 Dodging
 + Level 10.5 Unarmed Combat


You had 11 spell levels left.
You didn't know any spells.
Your spell library contained the following spells:

 Spells                   Type           Power      Damage    Failure   Level
 Summon Small Mammal      Summ           0%         N/A       58%         1
 Ensorcelled Hibernation  Hex/Ice        0%         N/A       73%         2
 Poisonous Vapours        Pois/Air       0%         N/A       73%         2
 Call Canine Familiar     Summ           0%         N/A       91%         3
 Ozocubu's Armour         Ice            0%         N/A       91%         3
 Stone Arrow              Conj/Erth      0%         3d7       91%         3
 Summon Guardian Golem    Hex/Summ       0%         N/A       91%         3
 Anguish                  Hex/Necr       0%         N/A       100%        4
 Animate Armour           Summ/Erth      0%         N/A       100%        4
 Corpse Rot               Necr/Pois/Air  0%         N/A       100%        4
 Petrify                  Tmut/Erth      0%         N/A       100%        4
 Alistair's Intoxication  Tmut/Pois      0%         N/A       100%        5
 Borgnjor's Vile Clutch   Necr/Erth      0%         N/A       100%        5
 Metabolic Englaciation   Hex/Ice        0%         N/A       100%        5
 Eringya's Noxious Bog    Tmut/Pois      0%         N/A       100%        6
 Ozocubu's Refrigeration  Ice            0%         4d7       100%        7
 Lehudib's Crystal Spear  Conj/Erth      0%         10d2      100%        8
 Spider Form              Tmut/Pois      Unusable   N/A       N/A         3
 Statue Form              Tmut/Erth      Unusable   N/A       N/A         6

Dungeon Overview and Level Annotations

Branches:
Dungeon (13/15)            Temple (1/1) D:5            Lair (0/5) D:9
    Orc (0/2) D:9           Sewer (visited)          Bailey (visited)
 Vaults: D:13-14

Altars:
Ashenzari
Cheibriados
Dithmenos
Fedhas
Gozag
Hepliaklqana
Kikubaaqudgha
Makhleb
Nemelex Xobeh
Okawaru
Qazlal
Ru
Sif Muna
Trog
Uskayaw
Vehumet
Wu Jian
Xom
Yredelemnul

Shops:
D:1 (   D:5 !   D:10 [


Innate Abilities, Weirdness & Mutations

You are immune to poison.
You have sharp fingernails.
Your flesh is cold resistant. (rC+)
You are immune to negative energy. (rN+++)
You do not regenerate when monsters are visible.
You are immune to unholy pain and torment.
You thrive by killing the living.


Message History

The slime creature hits you!
You scratch the slime creature.
The slime creature is severely wounded.
The slime creature hits you! The slime creature hits you.
The slime creature closely misses you.
The slime creature completely misses you.
Two slime creatures merge to form a large slime creature.
You mangle the slime creature!!
You kill the slime creature!
You feel better.
You claw the slime creature!
The slime creature is moderately wounded.
The slime creature hits you but does no damage. x2
You claw the slime creature!
The slime creature is moderately wounded.
The slime creature hits you!
A large slime creature splits.
The slime creature hits you!
You scratch the slime creature. You claw the slime creature.
The slime creature is heavily wounded.
The slime creature hits you! The slime creature barely misses you.
The slime creature hits you!
You are too injured to fight recklessly!
You are too injured to fight recklessly!
You are too injured to fight recklessly!
You are too injured to fight recklessly!
You are too injured to fight recklessly!
You are too injured to fight recklessly!
Unknown command.
The slime creature attacks as you move away!
The slime creature misses you.
Two slime creatures merge to form a large slime creature.
Two slime creatures merge to form a very large slime creature.
The slime creature hits you! The slime creature hits you!
* * * LOW HITPOINT WARNING * * *
As you read the scroll of teleportation, it crumbles to dust.
You feel strangely unstable.
The very large slime creature hits you!!
You die...
Xom cackles wildly!

#....###...# .# #..
##......##.## .##..
#.....###..# .#.##
###....###..### ....###
##......###...#####.......
>.....#..#................
....####................#
..### #.####..##J......#
...## #.# ##..@J#J.....#
.#..####. #..###.......
###.†##.# #.## ....... #
#...#.# ##.# ....###
.###.†..### #.## .....#
..##.###..###.## ......#
....## ##......# ##..###..
...## ##....#..##§§§#
#..## #.....###..§§§#


You could see a very large slime creature and a slime creature.

Vanquished Creatures
  An orc warlord (Bailey)
  2 hydras
  3 two-headed ogres
  A tengu warrior (D:10)
  Urug (D:13)
  A deep elf pyromancer (D:10)
  An ugly thing (D:13)
  An orc knight (Bailey)
  2 cyclopes
  2 manticores
  A gargoyle (D:12)
  Joseph (D:7)
  Psyche (D:12)
  3 trolls
  A queen bee (D:8)
  Grinder (D:5)
  A hornet (D:9)
  A slime creature (D:13)
  6 yaks
  A wraith (D:13)
  3 acid dragons
  2 ice beasts
  14 orc warriors
  2 black bears (D:6)
  3 ogres
  10 kobold brigands
  2 phantoms
  A gnoll sergeant (D:6)
  3 bullfrogs
  A scorpion (D:7)
  2 necrophages
  9 killer bees
  7 howler monkeys
  An electric eel (D:7)
  A jelly (D:6)
  7 orc priests
  3 iguanas
  14 orc wizards
  18 gnolls
  9 adders
  3 river rats (D:4)
  2 shadow imps
  2 white imps
  4 worms
  5 dart slugs
  76 orcs
  8 endoplasms
  5 giant cockroaches
  17 goblins
  16 hobgoblins
  12 jackals
  2 quokkas
  12 ball pythons
  4 bats
  3 frilled lizards
  31 kobolds
  9 rats
355 creatures vanquished.

Vanquished Creatures (collateral kills)
  2 yaks
  An orc warrior (Bailey)
  A killer bee (D:11)
  2 hobgoblins (Bailey)
6 creatures vanquished.

Vanquished Creatures (others)
  A dancing weapon (Bailey)
  A yak (D:8)
  3 orcs
  4 plants (D:3)
9 creatures vanquished.

Grand Total: 370 creatures vanquished

Notes
Turn   | Place    | Note
-------+----------+-------------------------------------------
     0 | D:1      | Gabide the Ghoul Gladiator began the quest for the Orb.
     0 | D:1      | Reached XP level 1. HP: 17/17 MP: 0/0
   159 | D:1      | Reached skill level 2 in Throwing
   166 | D:1      | Reached XP level 2. HP: 16/25 MP: 1/1
   549 | D:1      | Found Ihesen's Weapon Boutique.
   946 | D:2      | Found a snail-covered altar of Cheibriados.
  1014 | D:2      | Identified the +2 robe of Saib {Int+2 Dex+4}
  1018 | D:2      | Reached XP level 3. HP: 30/30 MP: 2/2
  1459 | D:2      | Reached XP level 4. HP: 33/37 MP: 3/3
  1929 | D:3      | Reached skill level 3 in Throwing
  2243 | D:4      | Reached XP level 5. HP: 33/45 MP: 4/4
  2285 | D:4      | Found a glowing drain.
  2351 | Sewer    | Entered a sewer
  2436 | Sewer    | Noticed a kobold brigand
  2452 | Sewer    | Killed a kobold brigand
  2453 | Sewer    | Reached XP level 6. HP: 44/51 MP: 5/5
  2532 | Sewer    | Reached skill level 4 in Throwing
  2788 | Sewer    | Reached XP level 7. HP: 56/59 MP: 6/6
  3063 | D:4      | Reached skill level 5 in Unarmed Combat
  3346 | D:5      | Entered Level 5 of the Dungeon
  3367 | D:5      | Found Jefeodyi's Distillery.
  3394 | D:5      | Reached skill level 5 in Throwing
  3397 | D:5      | Bought a potion of curing for 42 gold pieces
  3397 | D:5      | Bought a potion of curing for 42 gold pieces
  3397 | D:5      | Bought a potion of heal wounds for 70 gold pieces
  3397 | D:5      | Bought a potion of curing for 42 gold pieces
  3689 | D:5      | Noticed Grinder
  3751 | D:5      | Paralysed by Grinder for 3 turns
  3764 | D:5      | Killed Grinder
  3765 | D:5      | Reached XP level 8. HP: 46/67 MP: 7/7
  3852 | D:5      | Reached skill level 5 in Fighting
  3937 | D:5      | Found a staircase to the Ecumenical Temple.
  4010 | Temple   | Entered the Ecumenical Temple
  4577 | D:6      | Reached skill level 6 in Throwing
  4588 | D:6      | Reached skill level 5 in Dodging
  4815 | D:6      | Reached XP level 9. HP: 27/75 MP: 8/8
  4967 | D:6      | Found a bloodstained altar of Trog.
  4973 | D:6      | Found a blossoming altar of Fedhas.
  4974 | D:6      | Found a shadowy altar of Dithmenos.
  4975 | D:6      | Found an ornate altar of the Wu Jian Council.
  4975 | D:6      | Found a snail-covered altar of Cheibriados.
  4975 | D:6      | Found a sparkling altar of Nemelex Xobeh.
  4976 | D:6      | Found a hazy altar of Hepliaklqana.
  4978 | D:6      | Found a shimmering blue altar of Sif Muna.
  4979 | D:6      | Found a shimmering altar of Xom.
  4980 | D:6      | Found a hide-covered altar of Uskayaw.
  5028 | D:6      | Became a worshipper of Xom of Chaos
  5116 | D:6      | XOM: 1-stop teleportation journey
  5123 | D:6      | XOM: confusion
  5323 | D:6      | Reached skill level 7 in Throwing
  5520 | D:7      | XOM: 1-stop teleportation journey
  5538 | D:7      | Noticed Joseph
  5538 | D:7      | XOM: divination: detect creatures
  5545 | D:7      | XOM: chaos upgrade
  5546 | D:7      | XOM: swap monsters
  5557 | D:7      | Killed Joseph
  5648 | D:7      | Found an iron altar of Okawaru.
  5720 | D:7      | XOM: swap monsters
  5872 | D:7      | Identified the +5 battleaxe of the Manifold Prophets
                  | {venom, Drain rF++ rN+++ Str-4}
  6309 | D:5      | XOM: noise
  6477 | D:8      | XOM: potion effect (curing)
  6479 | D:8      | Upgraded the game from 0.29.0-11-gd7f09526c8 to
                  | 0.29.0-13-gc9e81de378
  6480 | D:8      | XOM: scenery: create altars
  6494 | D:8      | XOM: enchant monster (good)
  6504 | D:8      | XOM: summons 2 friendly demons
  6507 | D:8      | Noticed a queen bee
  6507 | D:8      | a yak changed into a queen bee
  6507 | D:8      | XOM: polymorph yak -> queen bee
  6508 | D:8      | Reached skill level 8 in Throwing
  6517 | D:8      | XOM: cleaving
  6521 | D:8      | XOM: 1-stop teleportation journey
  6539 | D:8      | Found a flagged portal.
  6573 | Bailey   | Entered a bailey
  6593 | Bailey   | XOM: blink monster(s)
  6600 | Bailey   | Reached XP level 10. HP: 85/86 MP: 9/9
  6662 | Bailey   | XOM is BORED!
  6662 | Bailey   | XOM: stat loss: -3 Dex (11/14)
  6687 | Bailey   | XOM: confusion (+ monsters)
  6796 | Bailey   | Noticed an orc knight
  6816 | Bailey   | XOM: scenery: 1 fountains blood, 1 doors open, 4 doors
                  | close
  6897 | Bailey   | Killed an orc knight
  6973 | Bailey   | XOM: cast spell 'Dispersal'
  6976 | Bailey   | Noticed an orc warlord
  7051 | Bailey   | Killed an orc warlord
  7052 | Bailey   | Reached skill level 9 in Throwing
  7211 | D:8      | XOM: summons 3 friendly demons
  7226 | D:8      | XOM: potion effect (curing)
  7281 | D:8      | Noticed a two-headed ogre
  7288 | D:8      | Killed a two-headed ogre
  7289 | D:8      | Reached XP level 11. HP: 95/95 MP: 10/10
  7385 | D:8      | XOM: confuse monster(s)
  7587 | D:8      | Reached skill level 10 in Throwing
  7801 | D:9      | Found a staircase to the Lair.
  7816 | D:9      | XOM: enchant monster (bad)
  7831 | D:9      | XOM: divination: detect items
  7890 | D:9      | XOM: divination: detect creatures
  8016 | D:9      | XOM: enchant monster (bad)
  8040 | D:9      | XOM: cast spell 'Metabolic Englaciation'
  8091 | D:9      | XOM: god gift: scroll labelled NEQOTI WOLIN {god gift}
  8150 | D:9      | Found a staircase to the Orcish Mines.
  8198 | D:9      | XOM: enchant monster (good)
  8534 | D:10     | Entered Level 10 of the Dungeon
  8534 | D:10     | Noticed a deep elf pyromancer
  8534 | D:10     | Noticed a tengu warrior
  8544 | D:10     | XOM: silly message
  8546 | D:10     | XOM: potion effect (invisibility)
  8548 | D:10     | XOM: potion effect (heal wounds)
  8557 | D:10     | Killed a tengu warrior
  8569 | D:10     | Killed a deep elf pyromancer
  8618 | D:10     | Found Uckatia's Armour Boutique.
  8618 | D:10     | Noticed a two-headed ogre
  8618 | D:10     | XOM: 1-stop teleportation journey
  8631 | D:10     | Killed a two-headed ogre
  8776 | D:10     | XOM: silly message
  8857 | D:10     | XOM: noise
  8941 | D:10     | XOM: 3-stop teleportation journey
  9090 | D:11     | Acquired the ring of Reprurong {rC++ Will+ MP-9 Str+6}
  9116 | D:11     | XOM: enchant monster (good)
  9162 | D:11     | Noticed a manticore
  9162 | D:11     | a komodo dragon changed into a manticore
  9162 | D:11     | XOM: polymorph komodo dragon -> manticore
  9167 | D:11     | Killed a manticore
  9168 | D:11     | Reached skill level 11 in Throwing
  9323 | D:11     | XOM: scenery: 1 doors open, 1 doors close
  9430 | D:11     | Noticed a cyclops
  9444 | D:11     | Killed a cyclops
  9644 | D:11     | Found a hide-covered altar of Uskayaw.
  9708 | D:11     | XOM: god gift: wand of paralysis (7)
  9813 | D:12     | XOM: 3-stop teleportation journey
  9847 | D:12     | Noticed Psyche
  9851 | D:12     | Killed Psyche
  9906 | D:12     | Reached skill level 10 in Unarmed Combat
  9906 | D:12     | Reached XP level 12. HP: 41/105 MP: 2/11
 10006 | D:12     | Noticed a five-headed hydra
 10014 | D:12     | Killed a five-headed hydra
 10061 | D:12     | Noticed a two-headed ogre
 10062 | D:12     | XOM: summons 2 hostile shadow creatures
 10063 | D:12     | Noticed a two-headed ogre
 10078 | D:12     | Killed a two-headed ogre
 10444 | D:12     | XOM: summons 7 hostile demons
 10544 | D:13     | XOM: noise
 10544 | D:13     | Noticed Urug
 10548 | D:13     | XOM: fog
 10550 | D:13     | XOM: noise
 10553 | D:13     | Killed Urug
 10578 | D:13     | Noticed a four-headed hydra
 10580 | D:13     | XOM: swap monsters
 10588 | D:13     | Killed a four-headed hydra
 10589 | D:13     | Reached skill level 10 in Fighting
 10726 | D:13     | XOM: swap monsters
 10737 | D:13     | Slain by a very large slime creature

Illustrated notes

Levels and vault maps discovered:
D:1:      mrwooster_arrival_arrow, layout_loops_ring, serial_shops,
          nicolae_shop_bloodbath_and_beyond
D:2:      layout_loops_ring, basic_altar
D:3:      layout_rooms, serial_bayou, serial_bayou_pond_b, serial_bayou_pond_b,
          serial_bayou_crossing, serial_bayou_lagoon_a,
          chequers_serial_rivers_micro_c
D:4:      layout_rooms, portal_sewer_entry_c, minmay_misc_feat_five,
          minmay_pentomino_pile
D:5:      layout_gridville, minmay_temple_entry_wispy, serial_shops,
          nicolae_square_shop, uniq_grinder
D:6:      layout_basic, minitemple, grunt_ministairs_1,
          small_statue_intersection, fountainhead
D:7:      layout_loops_ring, mainiacjoe_overflow_boulevard, minivault_14,
          uniq_joseph
D:8:      layout_cave_pools, enter_bailey_5,
          nicolae_concentric_dashed_squares_mild
D:9:      layout_long_grid, lair_entry_dummy, david_orc_5
D:10:     layout_basic, serial_shops, nicolae_square_shop, minmay_checkerbox
D:11:     layout_roguey, nicolae_uskayaw_dance_studio
D:12:     layout_roguey, uniq_psyche
D:13:     layout_layer_cave, uniq_urug, uniq_nessos
Temple:   grunt_temple_mini_profane

Skill      XL: |  1  2  3  4  5  6  7  8  9 10 11 12 |
---------------+-------------------------------------+-----
Throwing       | 2 3 4 5 6 8 9 11 | 11.8
Dodging        | 3 4 5 6 7 8 |  8.8
Fighting       | 3 4 5 7 8 9 10 | 10.1
Unarmed Combat | 4 5 6 7 8 10 | 10.5

Action                   |  1- 3 |  4- 6 |  7- 9 | 10-12 || total
-------------------------+-------+-------+-------+-------++-------
Melee: Unarmed           |    98 |   232 |   415 |   573 ||  1318
       Punch             |     3 |     8 |    17 |    32 ||    60
 Fire: Sling             |       |       |       |     5 ||     5
Throw: Javelin           |       |     1 |     4 |     2 ||     7
       Throwing net      |       |       |     8 |     1 ||     9
       Dart              |       |       |     4 |     4 ||     8
       Boomerang         |       |       |     6 |    81 ||    87
Evoke: Wand              |       |       |     7 |     8 ||    15
  Use: Scroll            |     1 |     6 |     9 |    13 ||    29
       Potion            |       |       |     5 |     7 ||    12
 Stab: Sleeping          |     2 |       |     1 |       ||     3
       Held in net/web   |       |       |     1 |       ||     1
       Invisible         |       |       |       |     4 ||     4
       Paralysed         |       |       |       |     2 ||     2
Armor: Leather armour    |    22 |       |       |       ||    22
       Robe              |    15 |    69 |   149 |    78 ||   311
       Acid dragon scale |       |       |       |   108 ||   108
Dodge: Dodged            |    43 |   119 |   295 |   376 ||   833
